 Dungeon Crawl Stone Soup version 0.28-a0-445-g51f8dfeb47 (webtiles) character file.

Game seed: 17679863151347255798

91 Morbidden the Firebug (level 4, 0/57 HPs)
             Began as a Demigod Fire Elementalist on Sept 12, 2021.
             Succumbed to an adder's poison
             ... on level 2 of the Dungeon.
             The game lasted 00:04:14 (3011 turns).

Morbidden the Firebug (Demigod Fire Elementalist)   Turns: 3011, Time: 00:04:14

Health: 0/57       AC:  3    Str:  9    XL:     4   Next: 11%
Magic:  1/10       EV: 12    Int: 21    God:
Gold:   101        SH:  0    Dex: 14    Spells: 5/8 levels left

rFire   . . .      SeeInvis .   (no weapon)
rCold   . . .      Faith    .   (no shield)
rNeg    . . .      Spirit   .   a - +0 robe
rPois   .          Reflect  .   (no helmet)
rElec   .          Harm     .   (no cloak)
rCorr   .          Rampage  .   (no gloves)
Will    .....                   k - +0 pair of boots
Stlth   ..........              (no amulet)
HPRegen 0.19/turn               (no ring)
MPRegen 0.12/turn               (no ring)

@: berserking, lethally poisoned (0 -> -1), very quick
A: high mp 1, forlorn, robust 1, MP-powered wands
a: no special abilities


You were on level 2 of the Dungeon.
You visited 1 branch of the dungeon, and saw 2 of its levels.

You collected 101 gold pieces.

Inventory:

Armour
 a - a +0 robe (worn)
 k - a +0 pair of boots (worn)
Scrolls
 f - 3 scrolls of identify
 j - a scroll of fog
Potions
 d - a potion of cancellation {unknown}
 e - a potion of flight {unknown}
 g - a potion of haste {unknown}
 h - a potion of might {unknown}
 i - a potion of brilliance {unknown}


   Skills:
 * Level 1.2 Fighting
 + Level 1.8 Dodging
 + Level 1.9 Stealth
 + Level 0.1 Unarmed Combat
 * Level 2.5 Spellcasting
 * Level 1.6 Conjurations
 * Level 3.5 Fire Magic


You had 5 spell levels left.
You knew the following spells:

 Your Spells              Type           Power      Damage    Failure   Level
a - Foxfire               Conj/Fire      52%        2x1d6     4%          1
b - Scorch                Fire           34%        2d7       4%          2

Your spell library contained the following spells:

 Spells                   Type           Power      Damage    Failure   Level
 Conjure Flame            Conj/Fire      13%        6-21      14%         3
 Inner Flame              Hex/Fire       9%         N/A       21%         3
 Flame Wave               Conj/Fire      13%        3d5       43%         4


Dungeon Overview and Level Annotations

Branches:
Dungeon (2/15)

Shops:
D:1 :


Innate Abilities, Weirdness & Mutations

Your attributes grow dramatically as you level up.
You have an increased reservoir of magic. (+10% MP)
You shall have no god before yourself.
You are robust. (+10% HP)
You expend magic power (3 MP) to strengthen your wands.


Message History

Confirm with . or Enter, or press ? or * to list all spells.
You conjure some foxfire!
The adder bites you. The adder bites you. x2
* * * LOW HITPOINT WARNING * * *
You are poisoned.
The adder poisons you!
Unknown command.
Unknown command.
Unknown command.
Your foxfire dissipates!
* * * LOW HITPOINT WARNING * * *
You feel sick.
The adder is no longer more vulnerable to fire.
Unknown command.
* * * LOW HITPOINT WARNING * * *
You feel sick.
* * * LOW HITPOINT WARNING * * *
You feel sick. The adder bites you.
* * * LOW HITPOINT WARNING * * *
You see here a +0 dagger.
Unknown command.
It was a potion of mutation.
You feel extremely strange.
You feel your magical essence link to the dungeon's wands.
You feel robust.
* * * LOW HITPOINT WARNING * * *
You feel sick. The adder barely misses you.
Unknown command.
It was a potion of berserk rage.
A red film seems to cover your vision as you go berserk!
You feel yourself moving faster!
You feel mighty!
You feel sick. The adder bites you.
* * * LOW HITPOINT WARNING * * *
Unknown command.
Unknown command.
Unknown command.
You are too berserk!
Unknown command.
You punch the adder!
You kill the adder!
You die...

##### ...#
####.##########
#..†........†.#
.....##.########.#
..# #.# #.# #.# #h#
..# #.# ### #@# #.#
#.. ..# #.# . #.#
#.# #.# ### . #.#
#.####.##### #.. #
#.# #..........#
#.. # #.#
##......###.#######
#.. # #.# #.....###
#.......# #..
######.###.....##
#######.####..


You could see a jackal.

Vanquished Creatures
  2 adders (D:2)
  A worm (D:2)
  A dart slug (D:1)
  6 ball pythons
  6 endoplasms
  6 goblins
  8 hobgoblins
  12 jackals
  5 kobolds
  2 quokkas (D:1)
  6 bats
  3 frilled lizards
  12 rats
70 creatures vanquished.

Vanquished Creatures (others)
  175 foxfires
175 creatures vanquished.

Grand Total: 245 creatures vanquished

Notes
Turn   | Place    | Note
-------+----------+-------------------------------------------
     0 | D:1      | Morbidden the Demigod Fire Elementalist began the quest for
                  | the Orb.
     0 | D:1      | Reached XP level 1. HP: 14/14 MP: 5/5
   260 | D:1      | Reached skill level 3 in Fire Magic
   266 | D:1      | Reached XP level 2. HP: 15/22 MP: 0/7
   424 | D:1      | Reached skill level 1 in Conjurations
   900 | D:1      | Learned a level 2 spell: Scorch
  1139 | D:1      | Found Codwoklaeso's Book Shop.
  1320 | D:1      | Reached XP level 3. HP: 27/27 MP: 3/8
  2179 | D:2      | Reached skill level 1 in Fighting
  2663 | D:2      | Reached XP level 4. HP: 30/35 MP: 6/10
  3009 | D:2      | Gained mutation: You expend magic power (3 MP) to
                  | strengthen your wands. [potion of mutation]
  3009 | D:2      | Gained mutation: You are robust. (+10% HP) [potion of
                  | mutation]
  3010 | D:2      | HP: 1/57 [adder (2)]
  3011 | D:2      | Succumbed to an adder's poison

Illustrated notes

Levels and vault maps discovered:
D:1:      dpeg_arrival_solitude, layout_basic, serial_shops,
          nicolae_diamond_shop, minmay_misc_feat_more_columns,
          minmay_rat_gold_closets
D:2:      layout_loops_ring, minmay_vboxes

Skill      XL: |  1  2  3 |
---------------+----------+-----
Fire Magic     | 3 |  3.5
Conjurations   | 1 |  1.6
Spellcasting   | 2 |  2.5
Fighting       | 1 |  1.2
Dodging        | |  1.8
Stealth        | |  1.9
Unarmed Combat | |  0.1

Action                   |  1- 3 |  4- 6 || total
-------------------------+-------+-------++-------
Melee: Unarmed           |     8 |     1 ||     9
 Cast: Foxfire           |   103 |    11 ||   114
       Scorch            |    13 |     6 ||    19
  Use: Scroll            |     1 |       ||     1
       Potion            |       |     2 ||     2
Armor: Robe              |    23 |     8 ||    31
Dodge: Dodged            |    80 |    12 ||    92

Table legend: (Time is in decaauts)
 A = Elapsed time spent in this place.
 B = Non-inter-level travel time spent in this place.
 C = Inter-level travel time spent in this place.
 D = Time resting spent in this place.
 E = Time spent auto-exploring this place.
 F = Levels seen in this place.
 G = Mean time per level.
                   A        B        C        D        E       F      G
               +--------+--------+--------+--------+--------+-----+--------+
         Total |   3010 |   2990 |     20 |    375 |   2132 |   2 | 1505.0 |
       Dungeon |   3010 |   2990 |     20 |    375 |   2132 |   2 | 1505.0 |
               +--------+--------+--------+--------+--------+-----+--------+

Top non-repeatable levels by time:
     D:1: 1698 daAuts
     D:2: 1311 daAuts
